 Dungeon Sprint DCSS version 0.22.1-1-ga44c0e56f4 (webtiles) character file.

3643 MuseOD the Impaler (level 10, -1/94 (96) HPs)
             Began as a Merfolk Berserker on Oct 7, 2018.
             Was an Elder of Trog.
             Engulfed by a death drake's foul pestilence (3 damage)
             ... while paralysed
             ... in the Dungeon (Sprint II: "The Violet Keep of Menkaure").
             The game lasted 00:03:12 (890 turns).

MuseOD the Impaler (Merfolk Berserker)               Turns: 890, Time: 00:03:13

HP:   -1/94 (96)    AC: 11    Str: 18    XL:     10   Next: 12%
MP:   10/10         EV:  2    Int:  6    God:    Trog [****..]
Gold: 496           SH:  0    Dex: 11    Spells: 9/9 levels left

rFire    . . .     SeeInvis .   a - +0 spear
rCold    + . .     Gourm    .   (no shield)
rNeg     . . .     Faith    .   j - +0 chain mail {rC+}
rPois    +         Spirit   .   (no helmet)
rElec    .         Reflect  .   k - +0 cloak {rPois}
rCorr    .         Harm     .   (no gloves)
MR       .....     NoTele   +   (no boots)
Stlth    ..........             (no amulet)
HPRegen  0.25/turn              (no ring)
MPRegen  0.12/turn              (no ring)

@: paralysed, lethally poisoned (-1 -> -20), berserk cooldown, slowed
A: change form in water, swift swim, stealthy swim, clumsy 1, weak 2
a: Berserk, Trog's Hand, Brothers in Arms, Renounce Religion


You were in the Dungeon.
You worshipped Trog.
Trog was greatly pleased with you.
You were near starving.

You visited 1 branch You collected 810 gold pieces.
You spent 314 gold pieces at shops.

Inventory:

Hand Weapons
 a - a +0 spear (weapon)
Armour
 b - a +0 animal skin
 j - a +0 chain mail of cold resistance (worn)
 k - a +0 cloak of poison resistance (worn)
Scrolls
 i - a scroll of blinking
Potions
 d - a potion of curing
 f - a potion of haste
 g - 2 potions of magic
 h - a potion of berserk rage


   Skills:
 + Level 15.1 Fighting
 + Level 18.8 Polearms
 + Level 5.7 Armour
 + Level 11.4 Dodging
 + Level 2.2 Stealth


You had 9 spell levels left.
You didn't know any spells.
Your spell library was empty.

Dungeon Overview and Level Annotations

Branches:
Dungeon (1/1)

Altars:
Cheibriados
Dithmenos
Elyvilon
Fedhas
Gozag
Kikubaaqudgha
Makhleb
Nemelex Xobeh
Okawaru
Sif Muna
Trog
Uskayaw
Vehumet
Zin
Beogh
Jiyva
Lugonu

Shops:
D *:}!%==!*[?(?[:(

Annotations:
D exclusion: oklob plant


Innate Abilities, Weirdness & Mutations

You revert to your normal form in water.
You are very nimble and swift while swimming.
You are very stealthy in the water. (Stealth+)
You are clumsy. (Dex -2)
You are very weak. (Str -4)


Message History

You puncture the death drake!
The death drake is moderately wounded.
You are engulfed in dark miasma.
* * * LOW HITPOINT WARNING * * *
The death drake bites you but does no damage.
The swamp drake is engulfed in dark miasma.
The swamp drake seems to slow down.
The swamp drake bites you but does no damage.
You puncture the death drake!
The death drake is heavily wounded.
You are engulfed in dark miasma.
You feel as though you will be slow longer.
* * * LOW HITPOINT WARNING * * *
You are no longer berserk.
You pass out from exhaustion.
You feel as though you will be slow longer.
The death drake bites you but does no damage.
You are engulfed in dark miasma.
You are more poisoned.
You die...

.... .. .# +##.. #. 8#
..##.#### +.##. #..#
...# ..k#### ).####..##
#.k##.# '###.##..#
+§§#..# .##...#..#
#.§#÷§#
<.'##.'..####..##§#
.##...#....###§k@##▓▓
+###.##......≈§§§k≈≈≈≈≈≈
#§####≈≈.....§#+########
#.#≈≈§≈≈≈≈..≈#....._._#
##≈§≈§≈≈≈≈§≈#...._._.#
#≈§≈≈≈§≈≈≈≈≈#..._._._#
≈≈≈§≈≈≈≈§§§≈#.._._._.#
''#≈§≈≈§§≈§§#._._._._#
##≈§≈###≈§#_._._.


You could see a death drake and a swamp drake.

Vanquished Creatures
  A crystal guardian (D)
  A death drake (D)
  A merfolk siren (D)
  A yaktaur (D)
  2 polar bears (D)
  2 hippogriffs (D)
  3 neqoxecs (D)
  Menkaure (D)
  A swamp drake (D)
  4 necrophages (D)
17 creatures vanquished.

Vanquished Creatures (collateral kills)
  A hornet (D)
  A polar bear (D)
2 creatures vanquished.

Vanquished Creatures (others)
  A neqoxec (D)
  A crocodile (D)
2 creatures vanquished.

Grand Total: 21 creatures vanquished

Notes
Turn   | Place    | Note
-------+----------+-------------------------------------------
     0 | D        | MuseOD the Merfolk Berserker began the quest for the Orb.
     0 | D        | Reached XP level 1. HP: 18/18 MP: 1/1
     1 | D        | Noticed a necrophage
     1 | D        | Noticed a necrophage
     1 | D        | Noticed a necrophage
     1 | D        | Noticed a necrophage
    15 | D        | Killed a necrophage
    15 | D        | Reached skill level 9 in Polearms
    15 | D        | Reached XP level 2. HP: 29/29 MP: 2/2
    15 | D        | Reached XP level 3. HP: 35/35 MP: 3/3
    15 | D        | Reached XP level 4. HP: 41/41 MP: 4/4
    19 | D        | Killed a necrophage
    19 | D        | Reached skill level 10 in Polearms
    19 | D        | Reached skill level 5 in Dodging
    19 | D        | Reached XP level 5. HP: 48/48 MP: 5/5
    22 | D        | Killed a necrophage
    22 | D        | Reached ** piety under Trog
    22 | D        | Reached skill level 11 in Polearms
    22 | D        | Reached XP level 6. HP: 56/56 MP: 6/6
    25 | D        | Killed a necrophage
    25 | D        | Reached skill level 12 in Polearms
    61 | D        | Noticed a merfolk siren
    67 | D        | Killed a merfolk siren
    67 | D        | Reached *** piety under Trog
    67 | D        | Reached skill level 14 in Polearms
    67 | D        | Reached XP level 7. HP: 67/67 MP: 7/7
    75 | D        | Noticed an obsidian statue
   148 | D        | Noticed a hippogriff
   148 | D        | Noticed a hippogriff
   154 | D        | Killed a hippogriff
   154 | D        | Reached skill level 15 in Polearms
   162 | D        | Killed a hippogriff
   162 | D        | Reached XP level 8. HP: 75/75 MP: 8/8
   184 | D        | Gained mutation: You are weak. (Str -2) [a neqoxec]
   200 | D        | Gained mutation: You are very weak. (Str -4) [a neqoxec]
   203 | D        | Gained mutation: You are clumsy. (Dex -2) [a neqoxec]
   226 | D        | Reached **** piety under Trog
   226 | D        | Reached skill level 16 in Polearms
   513 | D        | Found Acoyro's Magic Scroll Emporium.
   513 | D        | Found Veicotow's Antique Armour Emporium.
   513 | D        | Found Cifeul's Weapon Emporium.
   513 | D        | Found Wautal's Antique Armour Shoppe.
   513 | D        | Found Xenyn's Magic Scroll Shoppe.
   513 | D        | Found Huttotra's Book Shoppe.
   513 | D        | Found Ronuups's General Store.
   513 | D        | Found Nycsek's Antique Weapon Emporium.
   513 | D        | Found Xoniged's Distillery.
   514 | D        | Found Ygel Xyb Quf's Jewellery Emporium.
   514 | D        | Found Bodghyen's Jewellery Shoppe.
   514 | D        | Found Sarphe's Food Shoppe.
   517 | D        | Found Weqory's Distillery.
   517 | D        | Found Vinuriep's Gadget Emporium.
   517 | D        | Noticed Menkaure
   517 | D        | Noticed an oklob plant
   532 | D        | Killed Menkaure
   536 | D        | Found Mute's Assorted Antiques.
   536 | D        | Found Qypicoass's Book Shoppe.
   538 | D        | Noticed a polar bear
   543 | D        | Noticed a polar bear
   544 | D        | Noticed a flying skull
   546 | D        | Noticed a flying skull
   553 | D        | Bought a shiny chain mail for 157 gold pieces
   553 | D        | Bought an embroidered cloak for 157 gold pieces
   591 | D        | Found a snail-covered altar of Cheibriados.
   592 | D        | Found a shadowy altar of Dithmenos.
   592 | D        | Found a roughly hewn altar of Beogh.
   592 | D        | Found a viscous altar of Jiyva.
   593 | D        | Found a white marble altar of Elyvilon.
   593 | D        | Found an ancient bone altar of Kikubaaqudgha.
   594 | D        | Found a blossoming altar of Fedhas.
   594 | D        | Found a corrupted altar of Lugonu.
   594 | D        | Found a deep blue altar of Sif Muna.
   595 | D        | Found an opulent altar of Gozag.
   595 | D        | Found a burning altar of Makhleb.
   595 | D        | Found a bloodstained altar of Trog.
   596 | D        | Found a sparkling altar of Nemelex Xobeh.
   596 | D        | Found a hide-covered altar of Uskayaw.
   597 | D        | Found an iron altar of Okawaru.
   597 | D        | Found a radiant altar of Vehumet.
   597 | D        | Found a glowing silver altar of Zin.
   604 | D        | Noticed a polar bear
   612 | D        | Killed a polar bear
   613 | D        | Noticed a yaktaur
   613 | D        | Noticed a hornet
   613 | D        | Noticed a polar bear
   619 | D        | Killed a yaktaur
   619 | D        | Reached skill level 17 in Polearms
   619 | D        | Reached skill level 10 in Dodging
   619 | D        | Reached skill level 1 in Stealth
   619 | D        | Reached XP level 9. HP: 69/84 MP: 9/9
   620 | D        | Noticed a polar bear
   625 | D        | Killed a polar bear
   636 | D        | Paralysed by a hornet for 1 turns
   638 | D        | Killed a hornet
   639 | D        | Killed a polar bear
   839 | D        | Noticed a death drake
   840 | D        | Noticed a crystal guardian
   842 | D        | Noticed a death drake
   858 | D        | Killed a death drake
   858 | D        | Reached skill level 18 in Polearms
   858 | D        | Reached skill level 5 in Armour
   885 | D        | Killed a crystal guardian
   885 | D        | Reached skill level 15 in Fighting
   885 | D        | Reached XP level 10. HP: 15/95 MP: 10/10
   889 | D        | HP: 2/141 [death drake] (6)]
   890 | D        | Engulfed by a death drake's foul pestilence

Skill      XL: |  1  2  3  4  5  6  7  8  9 |
---------------+----------------------------+-----
Fighting       | 6 7 8 11 13 15 | 15.1
Polearms       | 9 10 11 14 15 17 18 | 18.8
Armour         | 2 3 4 5 |  5.7
Dodging        | 4 5 6 7 8 10 11 | 11.4
Stealth        | 1 2 |  2.2

Action                   |  1- 3 |  4- 6 |  7- 9 | 10-12 || total
-------------------------+-------+-------+-------+-------++-------
Melee: Spear             |    13 |    15 |   120 |     3 ||   151
Invok: Berserk           |     1 |     1 |     4 |       ||     6
       Brothers in Arms  |       |       |     3 |       ||     3
  Use: Potion            |       |       |     1 |       ||     1
  Eat: Ration            |       |       |     1 |       ||     1
       Chunk             |       |       |     1 |       ||     1
Armor: Animal skin       |     1 |       |     2 |       ||     3
       Chain mail        |       |       |     9 |     4 ||    13
Dodge: Dodged            |     3 |     2 |    49 |     1 ||    55
